 Dungeon Crawl Stone Soup version 0.23.2-1-ga50397a (webtiles) character file.

Game seed: 4942062168885709100

62234 MajorAdolf the Cleaver (level 15, -9/113 HPs)
             Began as a Naga Wanderer on Apr 25, 2019.
             Was a High Priest of Hepliaklqana.
             Mangled by an orc warrior
             ... wielding a +2 glaive of flaming
              (28 damage)
             ... on level 2 of the Orcish Mines.
             The game lasted 01:23:50 (30716 turns).

MajorAdolf the Cleaver (Naga Wanderer)             Turns: 30716, Time: 01:23:51

Health: -9/113     AC: 22    Str: 32      XL:     15   Next: 5%
Magic:  23/23      EV:  8    Int:  9 (11) God:    Hepliaklqana [*****.]
Gold:   1632       SH: 13    Dex: 12      Spells: 13/14 levels left

rFire    . . .     SeeInvis +   L - +4 war axe (curse)
rCold    . . .     Gourm    .   w - +1 shield
rNeg     . . .     Faith    .   J - +3 scale mail "Buijefui" {Int+2 Dex+3}
rPois    +         Spirit   .   l - +0 helmet
rElec    .         Reflect  .   I - +2 cloak of Generosity {Str+6 Stlth-}
rCorr    +         Harm     .   q - +2 pair of gloves
MR       ++...                  (no barding)
Stlth    ..........             (no amulet)
HPRegen  0.28/turn              Q - ring of resist corrosion
MPRegen  0.18/turn              R - ring of protection from magic

@: studying 2 skills, very slow
A: large, reduced essence, see invisible, deformed body, poison resistance,
screaming 1, slowness 2, slow metabolism 1, spit poison 1, subdued magic 1,
constrict 1, AC +5
a: Spit Poison, Recall Ancestor, Ancestor Identity, Transference, Idealise,
Renounce Religion


You were on level 2 of the Orcish Mines.
You worshipped Hepliaklqana.
Hepliaklqana was extremely pleased with you.
You were very hungry.

You visited 3 branches of the dungeon, and saw 18 of its levels.
You also visited: Bailey.

You collected 1809 gold pieces.
You spent 177 gold pieces at shops.

Inventory:

Hand Weapons
 L - a cursed +4 war axe (weapon)
Missiles
 s - 32 tomahawks (quivered)
Armour
 l - a +0 helmet (worn)
 q - a +2 pair of gloves (worn)
 t - a +3 leather armour of fire resistance
 w - a +1 shield (worn)
 E - a +0 plate armour
 I - the +2 cloak of Generosity (worn) {Str+6 Stlth-}
   (You found it on level 11 of the Dungeon)

   It affects your strength (+6).
   It makes you less stealthy.
 J - the +3 scale mail "Buijefui" (worn) {Int+2 Dex+3}
   (You found it on level 11 of the Dungeon)

   It affects your intelligence (+2).
   It affects your dexterity (+3).
 K - a +2 cloak of magic resistance
 N - +0 acid dragon scales
Magical Staves
 z - an uncursed staff of energy {unknown}
Jewellery
 y - an uncursed ring of ice
 Q - a ring of resist corrosion (left hand)
 R - a ring of protection from magic (right hand)
 T - an uncursed ring of see invisible
 V - a cursed ring of ice
 W - an uncursed ring of poison resistance {unknown}
Wands
 b - a wand of paralysis (15)
 n - a wand of flame (11)
 o - a wand of digging (2)
 A - a wand of enslavement (7)
 C - a wand of iceblast (18)
 D - a wand of clouds (8)
 O - a wand of random effects (34)
Scrolls
 c - 4 scrolls of amnesia
 i - 3 scrolls of blinking
 j - a scroll of enchant weapon
 r - 2 scrolls of identify
 v - a scroll of summoning
 G - 3 scrolls of magic mapping
 M - 5 scrolls of remove curse
 P - 3 scrolls of teleportation
 S - a scroll of fog {unknown}
 U - a scroll of vulnerability {unknown}
 Y - a scroll of acquirement {unknown}
Potions
 d - 3 potions of brilliance
 e - 2 potions of invisibility
 g - a potion of resistance
 k - 2 potions of mutation
 m - 7 potions of degeneration
 p - 5 potions of curing
 u - a potion of flight
 x - 2 potions of agility
 B - 4 potions of heal wounds
 F - 4 potions of berserk rage
 H - 4 potions of lignification
Books
 a - a manual of Polearms
 Z - a manual of Fighting
Miscellaneous
 h - a box of beasts
Comestibles
 f - 11 rations


   Skills:
 - Level 6.1 Fighting
 + Level 13.7(13.8) Axes
   Level 2.0(9.3) Maces & Flails
 + Level 11.3 Armour
 - Level 5.0 Stealth
 - Level 9.0 Shields
 + Level 4.1 Hexes
 + Level 5.1 Invocations
 + Level 11.9 Evocations


You had 13 spell levels left.
You knew the following spells:

 Your Spells              Type           Power        Failure   Level  Hunger
a - Confusing Touch       Hex            #.....       11%         1    ##.....

Your spell library contained the following spells:

 Spells                   Type           Power        Failure   Level  Hunger
 Confuse                  Hex            #.......     32%         3    ####...
 Gell's Gravitas          Tloc           #.........   89%         3    ####...
 Petrify                  Tmut/Erth      #.......     100%        4    #####..
 Metabolic Englaciation   Hex/Ice        #.........   100%        5    ######.
 Yara's Violent Unravell  Hex/Tmut       #.........   100%        5    ######.


Dungeon Overview and Level Annotations

Branches:
Dungeon (15/15)            Temple (1/1) D:6            Lair (0/6) D:9
    Orc (2/2) D:11            Elf (0/3) Orc:2        Vaults (0/5) D:13
 Depths (0/5) D:15

Altars:
Ashenzari
Cheibriados
Dithmenos
Elyvilon
Fedhas
Gozag
Hepliaklqana
Kikubaaqudgha
Makhleb
Nemelex Xobeh
Okawaru
Qazlal
Ru
Sif Muna
Trog
Uskayaw
Vehumet
Wu Jian
Xom
Yredelemnul
Zin
The Shining One

Shops:
D:12 *   Orc:1 *=

Annotations:
D:3 1 runed translucent door, Lucio's ghost, amateur TeSu
D:7 Harold
D:9 exclusion: door
D:10 exclusion: downstairs
D:11 3 runed translucent doors
Orc:2 Urug


Innate Abilities, Weirdness & Mutations

You cannot wear boots.
Your serpentine skin is tough. (AC +5)
You have supernaturally acute eyesight. (SInv)
Armour fits poorly on your strangely shaped body.
Your system is resistant to poisons. (rPois)
You cover ground very slowly.
You have a slow metabolism.
You can spit poison.
You can use your snake-like lower body to constrict enemies.
Your life essence is reduced to manifest your ancestor. (-10% HP)
You occasionally shout uncontrollably at your foes.
Your spells are a little easier to cast, but a little less powerful.


Message History

The orc warrior is moderately wounded.
You block the orc warrior's attack.
Octavia hits the orc wizard with a +0 broad axe of flaming!
Octavia burns the orc wizard.
The orc wizard dies!
Octavia hits something with a +0 broad axe of flaming!
Octavia burns something.
Octavia hits something with a +0 broad axe of flaming!
Octavia burns something.
The orc warrior hits you from afar with a +2 glaive of flaming!!
* * * LOW HITPOINT WARNING * * *
The orc warrior burns you!
* * * LOW HITPOINT WARNING * * *
You slice the orc warrior!! Your grab misses the orc warrior.
The orc warrior is almost dead.
Octavia blocks something's attack.
You block the orc warrior's attack.
You closely miss the orc warrior. Your grab misses the orc warrior.
The orc warrior is almost dead.
The orc warrior hits you from afar with a +2 glaive of flaming!!
You die...

#8.))8# #.... #..o(.# ####...
#..oRo####### #.#....
##.)).#.#.#.## ###.....
#....(.......# ##......#
##...#.)o....## #.......#
..##....##..o..## ##.......
....#.......o.## ####....
#....>...#.#.@#.## #.....
#.#.##....##.......# ####....
......##.###......#####.##....
.##.......## ##......#..R..###..
....#......### #........##R####..
#............# ##.......#.####...
#...........#####..........##....
#............#.............#.#...
...........................#.#...


You could see the friendly Octavia the knight, an orc warlord, 2 orc warriors,
an orc priest, an orc wizard and an orc.

Vanquished Creatures
  Jorgrun (D:15)
  2 vault guards (D:13)
  2 centaur warriors
  4 two-headed ogres
  A death knight (D:15)
  4 tengu warriors (D:14)
  2 orc high priests (Orc:1)
  An unseen horror (D:12)
  An orange crystal statue (D:11)
  A glowing orange brain (D:15)
  2 wizards (D:13)
  A necromancer (D:13)
  2 orc knights
  A shining eye (shapeshifter) (D:15)
  A deep elf mage (D:13)
  An orc sorcerer (Orc:2)
  11 ugly things
  A cyclops (D:11)
  2 centaur zombies
  2 manticores
  Maurice (D:8)
  A red devil (D:14)
  3 trolls
  A meliai (D:11)
  A wind drake (shapeshifter) (D:15)
  A hornet (D:8)
  3 hippogriffs
  7 slime creatures
  33 yaks
  4 shadows
  4 wyverns
  A hog (D:7)
  3 fire bats (D:13)
  14 humans (D:13)
  2 wargs (Orc:1)
  A soldier ant (D:10)
  A water moccasin (D:9)
  3 acid dragons
  A hell hound (D:13)
  3 black bears
  2 hornet zombies
  3 ice beasts
  19 orc warriors
  4 sky beasts
  2 phantoms
  10 ogres
  13 centaurs
  4 necrophages
  2 boggarts (D:15)
  A big kobold (D:8)
  Blork the orc (D:6)
  7 bullfrogs
  A gnoll sergeant (D:9)
  A wyvern skeleton (D:8)
  3 scorpions
  13 killer bees
  10 wights
  4 crimson imps
  2 lava snakes (D:13)
  2 bullfrog zombies
  A quasit (D:5)
  14 orc priests
  Crazy Yiuf (D:4)
  3 hounds
  2 jellies
  19 orc wizards
  3 centaur skeletons
  4 iguanas
  7 worker ants
  A hound zombie (D:9)
  19 gnolls
  2 howler monkey skeletons
  16 adders
  2 shadow imps
  4 adder skeletons
  2 worms (D:2)
  A dart slug (D:4)
  4 leopard geckos
  65 orcs
  6 giant cockroaches
  6 goblins
  11 hobgoblins
  6 jackals
  2 quokkas
  A ball python (D:1)
  11 bats
  5 frilled lizards
  A giant cockroach zombie (D:5)
  A jackal zombie (D:5)
  14 kobolds
  A leopard gecko zombie (D:4)
  5 rats
  A fire vortex (D:13)
476 creatures vanquished.

Vanquished Creatures (collateral kills)
  Nessos (D:12)
  A vault guard (D:13)
  A catoblepas (D:14)
  A two-headed ogre (D:12)
  An unseen horror (D:15)
  A wizard (D:14)
  A deep elf mage (D:12)
  3 ugly things
  An orc sorcerer (Orc:2)
  A cyclops (D:9)
  A manticore (D:14)
  A centaur skeleton (D:15)
  A kobold demonologist (D:12)
  3 red devils (D:14)
  2 meliai (D:11)
  9 slime creatures
  A harpy skeleton (D:15)
  9 yaks
  Sigmund (D:6)
  4 humans (D:13)
  A wraith (D:12)
  A shadow (D:14)
  A fire bat (D:13)
  5 hungry ghosts
  A warg (Orc:1)
  A floating eye (shapeshifter) (D:15)
  2 black bears (D:11)
  An ice beast (D:11)
  4 ogres
  12 orc warriors
  2 phantoms
  A boggart (D:15)
  5 centaurs
  A big kobold (D:12)
  2 bullfrogs
  A gnoll sergeant (D:7)
  A wyvern zombie (D:11)
  A killer bee (D:12)
  8 wights
  3 electric eels (D:9)
  A crimson imp (D:9)
  2 jellies
  7 orc wizards
  A hound (D:10)
  2 orc priests (Orc:2)
  2 iguanas (D:6)
  2 worker ants
  A worker ant zombie (D:9)
  3 gnolls
  2 adders
  2 shadow imps (D:8)
  2 adder skeletons
  An adder zombie (D:8)
  30 orcs
  3 quokkas
  A fire vortex (D:13)
160 creatures vanquished.

Vanquished Creatures (others)
  A bullfrog (D:12)
  11 knights
  6 ancestors
  A fire vortex (D:13)
  A plant (D:9)
20 creatures vanquished.

Grand Total: 656 creatures vanquished

Notes
Turn   | Place    | Note
-------+----------+-------------------------------------------
     0 | D:1      | MajorAdolf the Naga Wanderer began the quest for the Orb.
     0 | D:1      | MajorAdolf set off with the following items: a +0 hand axe,
                  | a wand of paralysis (15), a +0 mace, a +0 robe, a ration
     0 | D:1      | Reached XP level 1. HP: 25/25 MP: 2/2
    68 | D:1      | Reached skill level 1 in Stealth
   167 | D:1      | Reached XP level 2. HP: 32/32 MP: 3/3
   901 | D:1      | Reached XP level 3. HP: 39/39 MP: 4/4
  1071 | D:2      | Found a faded altar of an unknown god.
  1390 | D:2      | Found a glowing golden altar of the Shining One.
  1618 | D:2      | Reached skill level 5 in Stealth
  2041 | D:2      | Found a sparkling altar of Nemelex Xobeh.
  2193 | D:2      | Reached XP level 4. HP: 33/46 MP: 5/5
  2358 | D:3      | Noticed Lucio's ghost (amateur TeSu)
  2379 | D:3      | Found a runed translucent door.
  3153 | D:3      | Reached XP level 5. HP: 51/54 MP: 6/6
  3252 | D:3      | Reached skill level 1 in Axes
  3685 | D:3      | Reached skill level 2 in Axes
  3685 | D:3      | Reached XP level 6. HP: 38/62 MP: 7/7
  4674 | D:4      | Found a bloodstained altar of Trog.
  4801 | D:4      | Reached skill level 3 in Axes
  4989 | D:4      | Reached XP level 7. HP: 69/69 MP: 8/8
  5121 | D:4      | Found a runed translucent door.
  5122 | D:4      | Noticed Crazy Yiuf
  6188 | D:4      | Killed Crazy Yiuf
  6245 | D:5      | Entered Level 5 of the Dungeon
  6324 | D:5      | Reached skill level 4 in Axes
  6764 | D:5      | Reached skill level 5 in Axes
  7134 | D:5      | Reached XP level 8. HP: 74/76 MP: 9/9
  7305 | D:5      | Reached skill level 6 in Axes
  7736 | D:6      | Noticed Blork the orc
  7748 | D:6      | Killed Blork the orc
  7922 | D:6      | Found a staircase to the Ecumenical Temple.
  8055 | D:6      | Reached skill level 7 in Axes
  8072 | Temple   | Entered the Ecumenical Temple
  8469 | Temple   | Became a worshipper of Hepliaklqana the Forgotten
  8524 | D:6      | Found an opulent altar of Gozag.
  8525 | D:6      | Found an ornate altar of the Wu Jian Council.
  8709 | D:6      | Found a snail-covered altar of Cheibriados.
  8718 | D:6      | Found a sacrificial altar of Ru.
  8963 | D:6      | Noticed Sigmund
  8979 | D:6      | Killed Sigmund
  8979 | D:6      | Reached skill level 5 in Armour
  8979 | D:6      | Reached XP level 9. HP: 56/73 MP: 10/10
  9238 | D:7      | Reached skill level 8 in Axes
  9777 | D:7      | Noticed Harold
 10457 | D:7      | Reached skill level 1 in Shields
 10979 | D:8      | Found a shadowy altar of Dithmenos.
 11091 | D:8      | Noticed a hornet
 11099 | D:8      | Reached skill level 9 in Axes
 11126 | D:8      | Killed a hornet
 11126 | D:8      | Reached XP level 10. HP: 54/81 MP: 11/11
 11427 | D:8      | Found a sparkling altar of Nemelex Xobeh.
 11708 | D:8      | Noticed Maurice
 11723 | D:8      | Killed Maurice
 11803 | D:8      | Reached * piety under Hepliaklqana
 11947 | D:9      | Found a staircase to the Lair.
 12119 | D:8      | Reached skill level 10 in Axes
 12604 | D:9      | Noticed a two-headed ogre
 12767 | D:8      | Learned a level 1 spell: Confusing Touch
 12917 | D:9      | Reached skill level 5 in Shields
 12937 | D:10     | Entered Level 10 of the Dungeon
 13205 | D:10     | Reached XP level 11. HP: 86/87 MP: 12/12
 14507 | D:10     | Reached ** piety under Hepliaklqana
 14508 | D:10     | Remembered your ancestor Octavia as a knight
 14672 | D:11     | Reached skill level 11 in Axes
 14741 | D:11     | Noticed a cyclops
 14966 | D:9      | Noticed a cyclops
 15020 | D:9      | Killed a cyclops
 15330 | D:9      | Killed a two-headed ogre
 15898 | D:9      | HP: 4/87 [electric eel/bolt of electricity (6)]
 17666 | D:11     | Killed a cyclops
 17717 | D:11     | Got an ancient cloak
 17728 | D:11     | Identified the +2 cloak of Generosity {Str+6 Stlth-} (You
                  | found it on level 11 of the Dungeon)
 17733 | D:11     | Got a bloodstained scale mail
 18013 | D:11     | Reached XP level 12. HP: 61/94 MP: 15/15
 18248 | D:11     | Reached skill level 5 in Evocations
 18293 | D:11     | Found a staircase to the Orcish Mines.
 18371 | D:11     | Found a runed translucent door.
 18379 | D:11     | Found a runed translucent door.
 18392 | D:11     | Found a runed translucent door.
 18700 | D:11     | Found a runed translucent door.
 18745 | D:11     | Noticed a four-headed hydra
 19089 | D:11     | Noticed a seven-headed hydra
 19313 | D:11     | Noticed a six-headed hydra
 19736 | D:12     | Noticed a two-headed ogre
 19740 | D:12     | Killed a two-headed ogre
 19818 | D:12     | Noticed Nessos
 19844 | D:12     | Found Lim Ibby's General Store.
 19844 | D:12     | Noticed a two-headed ogre
 20281 | D:12     | Reached skill level 12 in Axes
 20455 | D:12     | Killed a two-headed ogre
 20549 | D:12     | Noticed a two-headed ogre
 20561 | D:12     | Killed a two-headed ogre
 20783 | D:12     | Identified the +3 scale mail "Buijefui" {Int+2 Dex+3} (You
                  | found it on level 11 of the Dungeon)
 20829 | D:12     | Killed Nessos
 21100 | D:12     | Bought a scroll of enchant armour for 90 gold pieces
 21100 | D:12     | Bought a scroll of teleportation for 36 gold pieces
 21100 | D:12     | Bought a scroll of identify for 24 gold pieces
 21256 | D:12     | Gained mutation: You can use your snake-like lower body to
                  | constrict enemies. [Naga growth]
 21256 | D:12     | Reached XP level 13. HP: 99/99 MP: 19/19
 21347 | D:13     | Reached *** piety under Hepliaklqana
 21439 | D:13     | Reached skill level 10 in Armour
 22302 | D:13     | Found a gate to the Vaults.
 22302 | D:13     | Noticed a vault guard
 22302 | D:13     | Noticed a vault guard
 22302 | D:13     | Noticed a vault guard
 22308 | D:13     | Killed a vault guard
 22315 | D:13     | Killed a vault guard
 22332 | D:13     | Killed a vault guard
 22986 | D:14     | Reached skill level 10 in Evocations
 24261 | D:13     | Reached skill level 13 in Axes
 24261 | D:13     | Reached XP level 14. HP: 39/108 MP: 21/21
 24605 | D:14     | Reached **** piety under Hepliaklqana
 25460 | D:14     | Reached skill level 1 in Invocations
 25806 | D:15     | Entered Level 15 of the Dungeon
 26239 | D:15     | Noticed Jorgrun
 26269 | D:14     | Reached skill level 1 in Hexes
 27215 | D:15     | Killed Jorgrun
 28110 | D:15     | Found a staircase to the Depths.
 28110 | D:15     | Gained mutation: Your spells are a little easier to cast,
                  | but a little less powerful. [a shining eye]
 28114 | D:15     | Gained mutation: You occasionally shout uncontrollably at
                  | your foes. [a shining eye]
 28472 | Orc:1    | Entered Level 1 of the Orcish Mines
 28475 | Orc:1    | Reached ***** piety under Hepliaklqana
 28557 | Orc:1    | Found a flagged portal.
 28572 | Bailey   | Entered a bailey
 29023 | Bailey   | Found a roughly hewn altar of Beogh.
 29521 | Orc:1    | Found Susei's Assorted Antiques.
 29592 | Orc:1    | Found Singing's Jewellery Emporium.
 29597 | Orc:1    | Bought a bubbling green potion for 27 gold pieces
 29985 | Orc:2    | Entered Level 2 of the Orcish Mines
 30678 | Orc:2    | Found a staircase to the Elven Halls.
 30697 | Orc:2    | Reached XP level 15. HP: 104/113 MP: 23/23
 30700 | Orc:2    | Reached skill level 5 in Invocations
 30703 | Orc:2    | Noticed Urug
 30704 | Orc:2    | Noticed an orc warlord
 30716 | Orc:2    | Mangled by an orc warrior

Skill      XL: |  1  2  3  4  5  6  7  8  9 10 11 12 13 14 15 |
---------------+----------------------------------------------+-----
Stealth        | 2 4 5 |  5.0
Axes           | 2 3 5 7 9 10 11 12 13 | 13.7
Armour         | 2 3 5 6 8 9 10 11 | 11.3
Fighting       | 6 |  6.1
Shields        | 3 5 6 7 8 9 |  9.0
Evocations     | 4 8 10 11 | 11.9
Invocations    | 4 5 |  5.1
Hexes          | 3 4 |  4.1
Maces & Flails | |  2.0

Action                   |  1- 3 |  4- 6 |  7- 9 | 10-12 | 13-15 || total
-------------------------+-------+-------+-------+-------+-------++-------
Melee: Hand axe          |    87 |   159 |    13 |       |       ||   259
       War axe           |       |       |   297 |   698 |   586 ||  1581
       Quarterstaff      |       |       |    13 |       |       ||    13
       Constrict         |       |       |       |       |   114 ||   114
Invok: Ancestor Identity |       |       |     1 |       |       ||     1
       Ancestor Life: Kn |       |       |       |     1 |       ||     1
 Abil: Spit Poison       |    25 |    35 |    20 |    29 |     2 ||   111
Evoke: Wand              |       |       |       |     8 |     2 ||    10
  Use: Scroll            |       |       |    15 |    13 |     1 ||    29
       Potion            |       |       |     1 |     2 |     3 ||     6
 Stab: Sleeping          |     1 |       |       |       |       ||     1
       Invisible         |       |       |     2 |       |       ||     2
       Distracted        |       |       |       |     7 |     6 ||    13
  Eat: Chunk             |     4 |     9 |    11 |    18 |    12 ||    54
       Ration            |       |       |     2 |     3 |     3 ||     8
Armor: Robe              |    22 |       |       |       |       ||    22
       Chain mail        |     3 |    17 |   228 |       |       ||   248
       Ring mail         |       |    70 |    14 |       |       ||    84
       Skin              |       |       |    14 |       |       ||    14
       Plate armour      |       |       |    22 |   429 |       ||   451
       Scale mail        |       |       |       |    14 |   289 ||   303
Dodge: Dodged            |    54 |    82 |   124 |   116 |   172 ||   548
Block: Shield            |       |       |    56 |   470 |   452 ||   978
